 Dungeon Crawl Stone Soup version 0.30.2 (webtiles) character file.

Game seed: 9217470058125258768

3091 porpoise the Skirmisher (level 9, 0/74 HPs)
             Began as a Minotaur Hunter on Jan 31, 2024.
             Was a Follower of Hepliaklqana.
             Slain by a killer bee (3 damage)
             ... on level 8 of the Dungeon.
             The game lasted 00:23:04 (6252 turns).

porpoise the Skirmisher (Minotaur Hunter)           Turns: 6252, Time: 00:23:05

Health: 0/74       AC:  5    Str: 16    XL:     9   Next: 59%
Magic:  9/9        EV: 12    Int:  6    God:    Hepliaklqana [*.....]
Gold:   195        SH:  5    Dex: 18    Spells: 8/8 levels left

rFire   . . .        a - +0 shortbow
rCold   . . .        (shield currently unavailable)
rNeg    . . .        g - +0 troll leather armour
rPois   .            (helmet restricted)
rElec   .            (no cloak)
rCorr   +            u - +0 pair of gloves
SInv    .            (no boots)
Will    .....        C - amulet of reflection
Stlth   ++           A - ring of resist corrosion
HPRegen 1.12/turn    (no ring)
MPRegen 0.11/turn

%: reflection
@: lethally poisoned (0 -> -2)
A: reduced essence, horns 2, retaliatory headbutt
a: Renounce Religion, Recall Ancestor, Ancestor Identity


You were on level 8 of the Dungeon.
You worshipped Hepliaklqana.
Hepliaklqana was aware of your devotion.
You visited 2 branches of the dungeon, and saw 9 of its levels.

You collected 391 gold pieces.
You spent 196 gold pieces at shops.

Inventory:

Hand Weapons
 a - a +0 shortbow (weapon)
 b - a +2 trident of venom
 n - a +2 heavy mace
 y - a +0 war axe
 F - the +7 staff of the Meek {protect, meekguard}
   (You found it on level 6 of the Dungeon)
 G - a +5 flail of holy wrath
 I - a +0 hand axe of venom
 J - a +0 heavy sling
Missiles
 o - 3 throwing nets
 r - 13 poisoned darts
Armour
 g - a +0 troll leather armour (worn)
 u - a +0 pair of gloves (worn)
 B - +0 steam dragon scales
Jewellery
 t - a ring of fire
 A - a ring of resist corrosion (left hand)
 C - an amulet of reflection (around neck)
 D - a ring of magical power
 H - a ring of willpower
Wands
 i - a wand of charming (20)
 x - a wand of polymorph (5)
Scrolls
 d - 2 scrolls of immolation
 f - a scroll of vulnerability
 l - 2 scrolls of noise
 s - a scroll of enchant armour
 z - 2 scrolls of torment {unknown}
 E - a scroll of poison {unknown}
 K - a scroll of fear {unknown}
Potions
 c - 2 potions of attraction
 e - 3 potions of heal wounds
 h - a potion of brilliance
 k - 5 potions of curing
 m - 3 potions of haste
 p - 3 potions of flight
 q - 2 potions of berserk rage
 v - 2 potions of cancellation


   Skills:
 - Level 9.0 Fighting
 - Level 2.0 Axes
 * Level 12.5 Ranged Weapons
 + Level 2.2 Armour
 - Level 2.1 Dodging
 - Level 0.7 Stealth
 + Level 1.8 Invocations


You had 8 spell levels left.
You didn't know any spells.
Your spell library contained the following spells:

 Spells                   Type           Power      Damage    Failure   Level
 Call Canine Familiar     Summ           0%         N/A       88%         3
 Hailstorm                Conj/Ice       0%         3d3       88%         3
 Portal Projectile        Hex/Tloc       0%         N/A       88%         3
 Ice Form                 Ice/Tmut       0%         N/A       99%         4
 Leda's Liquefaction      Hex/Erth       0%         N/A       99%         4
 Simulacrum               Ice/Necr       0%         N/A       100%        6


Dungeon Overview and Level Annotations

Branches:
Dungeon (8/15)             Temple (1/1) D:5
   Lair: D:8-11

Altars:
Ashenzari
Cheibriados
Dithmenos
Elyvilon
Fedhas
Gozag
Hepliaklqana
Kikubaaqudgha
Makhleb
Nemelex Xobeh
Okawaru
Qazlal
Ru
Sif Muna
Trog
Vehumet
Wu Jian
Xom
Yredelemnul
Zin
The Shining One

Shops:
D:4 [(!(?   D:6 =   D:7 *


Innate Abilities, Weirdness & Mutations

Your life essence is reduced to manifest your ancestor. (-10% HP)
You have a pair of horns on your head.
You reflexively headbutt those who attack you in melee.


Message History

The killer bee closely misses you. You furiously retaliate!
You headbutt the killer bee. The killer bee stings you.
* * * LOW HITPOINT WARNING * * *
You are more poisoned.
The killer bee poisons you! The killer bee closely misses you.
The killer bee attacks as you move away!
You block the killer bee's attack.
You feel very sick. You block the killer bee's attack.
The killer bee barely misses you. You furiously retaliate!
You headbutt the killer bee. The killer bee stings you!
* * * LOW HITPOINT WARNING * * *
You feel better. The killer bee stings you.
* * * LOW HITPOINT WARNING * * *
You are poisoned.
The killer bee poisons you! The killer bee closely misses you.
You furiously retaliate!
You headbutt the killer bee.
You kill the killer bee!
The killer bee closely misses you.
The killer bee stings you but does no damage.
You block the killer bee's attack.
Your Armour skill increases to level 2!
As you read the scroll of fog, it crumbles to dust.
The scroll dissolves into smoke.
You feel sick. The killer bee closely misses you. You furiously retaliate!
You headbutt the killer bee!
You kill the killer bee!
The killer bee closely misses you. You furiously retaliate!
You headbutt the killer bee. The killer bee stings you.
* * * LOW HITPOINT WARNING * * *
You feel sick. The killer bee stings you.
* * * LOW HITPOINT WARNING * * *
You are more poisoned.
The killer bee poisons you!
* * * LOW HITPOINT WARNING * * *
You feel very sick. The killer bee closely misses you.
* * * LOW HITPOINT WARNING * * *
You feel sick. The killer bee stings you.
You die...

#K.............#.#
#............#.#.#
#............###.#
#..§§§§......'...#
#.§§§§§......#####
##§§§§§§.........#
#§§o§§§.....###.#
###y§§#####..<#.# #@###
#####.# #.# #.....#
######.## #.#####
########.......# #.#
#.........###..######.#
#.........# #.........#
#.........# #.#########
#.........###.#
#.).......##..#


You could see a killer bee and an orc.

Vanquished Creatures
  A komodo dragon (D:7)
  A wyvern (D:8)
  A steam dragon (D:7)
  Menkaure (D:4)
  A water moccasin (D:6)
  A black bear (D:4)
  An orc warrior (D:6)
  An ice beast (D:5)
  2 bullfrogs (D:7)
  2 scorpions
  3 wights (D:8)
  2 killer bees (D:8)
  2 howler monkeys (D:5)
  An electric eel (D:6)
  2 jellies (D:6)
  6 orc priests
  3 gnoll boudas
  2 hounds (D:5)
  An iguana (D:5)
  2 sleepcaps
  Jessica (D:3)
  4 orc wizards
  20 gnolls
  8 adders
  A shadow imp (D:6)
  2 white imps (D:6)
  An ufetubus (D:6)
  5 dart slugs
  30 orcs
  7 ball pythons
  3 bats
  6 endoplasms
  7 giant cockroaches
  6 hobgoblins
  3 jackals (D:1)
  4 kobolds
  4 quokkas
  5 frilled lizards
  9 goblins
  4 rats (D:1)
166 creatures vanquished.

Vanquished Creatures (collateral kills)
  A hornet (D:8)
  A bullfrog (D:7)
  A wight (D:8)
  An orc priest (D:8)
  5 orcs
9 creatures vanquished.

Vanquished Creatures (others)
  Edmund (D:6)
  An ancestor (D:8)
2 creatures vanquished.

Grand Total: 177 creatures vanquished

Notes
Turn   | Place    | Note
-------+----------+-------------------------------------------
     0 | D:1      | porpoise the Minotaur Hunter began the quest for the Orb.
     0 | D:1      | Reached XP level 1. HP: 18/18 MP: 0/0
   140 | D:1      | Reached XP level 2. HP: 25/25 MP: 1/1
   383 | D:1      | Reached skill level 5 in Ranged Weapons
   587 | D:1      | Reached XP level 3. HP: 31/31 MP: 2/2
   590 | D:1      | Found a faded altar of an unknown god.
   835 | D:2      | Reached skill level 1 in Axes
   946 | D:2      | Reached XP level 4. HP: 30/38 MP: 3/3
  1428 | D:3      | Noticed Jessica
  1444 | D:3      | Killed Jessica
  1679 | D:3      | Reached skill level 6 in Ranged Weapons
  1691 | D:3      | Reached XP level 5. HP: 46/46 MP: 4/4
  1805 | D:3      | Found a burning altar of Makhleb.
  2341 | D:4      | Noticed a black bear
  2516 | D:4      | Found Kiuxtile's Weapon Emporium.
  2569 | D:4      | Reached XP level 6. HP: 44/53 MP: 5/5
  2682 | D:4      | Found Dyma's Magic Scroll Boutique.
  2683 | D:4      | Noticed Menkaure
  2684 | D:4      | Found Tonnem's Distillery.
  2693 | D:4      | Killed Menkaure
  2694 | D:4      | Reached skill level 7 in Ranged Weapons
  2702 | D:4      | Found Riasch's Weapon Shop.
  2705 | D:4      | Bought a potion of curing for 36 gold pieces
  2705 | D:4      | Bought a potion of degeneration for 12 gold pieces
  2705 | D:4      | Bought a potion of heal wounds for 60 gold pieces
  2723 | D:4      | Bought a scroll of identify for 28 gold pieces
  2755 | D:4      | Reached skill level 5 in Fighting
  2839 | D:4      | Reached XP level 7. HP: 46/61 MP: 6/6
  2856 | D:4      | Found Jegug's Antique Armour Shop.
  2920 | D:4      | Reached skill level 8 in Ranged Weapons
  3078 | D:5      | Entered Level 5 of the Dungeon
  3198 | D:5      | Found a staircase to the Ecumenical Temple.
  3207 | Temple   | Entered the Ecumenical Temple
  3286 | D:5      | Reached skill level 9 in Ranged Weapons
  3458 | D:5      | Found a blossoming altar of Fedhas.
  3822 | D:6      | Noticed Maggie
  3832 | D:6      | Reached XP level 8. HP: 57/71 MP: 7/7
  3835 | D:6      | Maggie changed into Maggie the water moccasin
  3835 | D:6      | Noticed Maggie
  3845 | D:6      | Killed Maggie the water moccasin
  4034 | D:6      | Found Buwidyzu's Jewellery Shop.
  4165 | D:6      | Reached skill level 10 in Ranged Weapons
  4323 | D:6      | Found a stormy altar of Qazlal.
  4323 | D:6      | Found a snail-covered altar of Cheibriados.
  4329 | D:6      | Found an ornate altar of the Wu Jian Council.
  4334 | D:6      | Found a hazy altar of Hepliaklqana.
  4336 | D:6      | Found a shimmering blue altar of Sif Muna.
  4340 | D:6      | Became a worshipper of Hepliaklqana the Forgotten
  4436 | D:6      | Found the +7 staff of the Meek {protect, meekguard}
  4472 | D:6      | Noticed Edmund
  4485 | D:6      | Your ally Edmund died
  4844 | D:7      | Found a white marble altar of Elyvilon.
  5005 | D:7      | Reached skill level 11 in Ranged Weapons
  5031 | D:7      | Noticed a komodo dragon
  5041 | D:7      | Killed a komodo dragon
  5042 | D:7      | Reached XP level 9. HP: 55/82 MP: 8/8
  5083 | D:7      | Found Gul Goit's General Store.
  5086 | D:7      | Bought a potion of heal wounds for 60 gold pieces
  5265 | D:7      | Reached * piety under Hepliaklqana
  5390 | D:7      | Found an ancient bone altar of Kikubaaqudgha.
  5579 | D:7      | Found an iron altar of Okawaru.
  5579 | D:7      | Found a bloodstained altar of Trog.
  5923 | D:8      | Reached skill level 12 in Ranged Weapons
  6048 | D:8      | Reached skill level 1 in Armour
  6057 | D:8      | Reached skill level 1 in Invocations
  6251 | D:8      | HP: 3/74 [poisoned by a killer bee]
  6252 | D:8      | Slain by a killer bee

Illustrated notes

Levels and vault maps discovered:
D:1:      dpeg_arrival_rooms_c, layout_basic, nicolae_ecumenical_lake_church
D:2:      layout_rooms
D:3:      layout_basic, mainiacjoe_overflow_cross_hatched, chequers_mini_garden,
          kennysheep_orc_chapel, uniq_jessica
D:4:      layout_cave_pools, serial_shops, nicolae_shop_stone,
          nicolae_shop_rolling_square, shop, nicolae_shop_tiny_waterfront,
          nicolae_shop_hallway_plus, uniq_menkaure
D:5:      layout_cave_pools, nicolae_overflow_hidden_temple,
          minmay_temple_entry_antechambers, minmay_bent
D:6:      layout_loops_ring, chequers_temple_overflow_minitemple, serial_shops,
          shop, grunt_ministairs_5, minivault_4, pf_guarded_unrand_meek,
          uniq_maggie, uniq_edmund
D:7:      layout_loops_corners, grunt_temple_overflow_bloody_war,
          overflow_temple_1_default, elyvilon_altar_4, serial_shops,
          kennysheep_mini_moat, hangedman_decor_push
D:8:      layout_basic
Temple:   hellmonk_temple_rainy

Skill      XL: |  1  2  3  4  5  6  7  8  9 |
---------------+----------------------------+-----
Ranged Weapons | 5 6 7 9 11 12 | 12.5
Fighting       | 3 4 5 6 8 9 |  9.0
Axes           | 1 2 |  2.0
Armour         | 2 |  2.2
Invocations    | 1 |  1.8
Dodging        | |  2.1
Stealth        | |  0.7

Action                     |  1- 3 |  4- 6 |  7- 9 || total
---------------------------+-------+-------+-------++-------
  Melee: Hand axe          |       |       |     6 ||     6
         Shortbow          |       |       |     2 ||     2
         Headbutt          |       |       |     3 ||     3
         Trident           |       |       |     6 ||     6
   Fire: Shortbow          |    97 |   175 |   388 ||   660
 Invoke: Ancestor Identity |       |       |     1 ||     1
  Evoke: Wand              |       |       |     6 ||     6
    Use: Scroll            |       |     6 |    10 ||    16
         Potion            |       |       |     2 ||     2
 Armour: Leather armour    |     3 |       |       ||     3
         Troll leather arm |     3 |    16 |    42 ||    61
  Dodge: Dodged            |    22 |    49 |   109 ||   180
  Block: Other             |       |       |    35 ||    35
         Reflection        |       |       |     6 ||     6
